Get step-by-step instructions on how to execute this build order below. Start the game timer, and the build order will tick by so you can play in parallel with StarCraft on a second screen or mobile device.

Game Time

  0:00

Last Step

  N/A

Next Step

  12  0:01  SCV  

Upcoming Step

  13  0:13  SCV  

Don't want to look back and forth between 2 screens? Try out our Overwolf App, the Spawning Tool Build Advisor to get an in-game overlay with this build!

Complete Build Order

  12  0:01  SCV  
  13  0:13  SCV  
  14  0:19  Supply Depot  
  14  0:24  Refinery  
  14  0:29  SCV  
  15  0:43  Barracks  
  15  0:49  SCV  
  16  1:01  SCV  
  17  1:13  SCV  
  18  1:25  SCV  
  18  1:31  Supply Depot  
  19  1:34  Factory  
  19  1:36  Marine  
  19  1:37  SCV  
  21  1:54  Supply Depot  
  21  1:55  Orbital Command  
  21  2:24  Starport  
  21  2:26  Factory Reactor  
  21  2:28  Refinery  
  21  2:29  SCV  
  22  2:32  Marine  
  22  2:36  Supply Depot  
  23  2:41  SCV  
  24  3:03  Medivac  
  24  3:05  Hellion x2  
  30  3:13  SCV  
  31  3:22  Armory  
  31  3:25  SCV  
  31  3:26  Hellion  
  31  3:27  Hellion  
  36  3:39  Medivac  
  38  3:45  Marine  
  38  3:48  Hellion x2  
  43  3:50  Supply Depot  
  43  3:58  Supply Depot  
  43  4:02  Marine  
  44  4:20  Medivac  
  44  4:22  Hellion x2  
  46  5:07  Hellion  
  46  5:08  Hellion  
  46  5:11  Medivac  
  48  5:29  Hellion x2  
  48  5:34  Supply Depot  
  52  5:41  Medivac  
  54  5:50  Hellion x2  
  56  6:09  Barracks Reactor  
  59  6:11  Barracks  
  59  6:12  Barracks  
  59  6:18  Widow Mine x2